 Dungeon Crawl Stone Soup version 0.29.1-4-g47bece8355 (webtiles) character file.

Game seed: 4145907675613394414

2 zeram the Sneak (level 1, 0/14 HPs)
             Began as an Octopode Brigand on Dec 9, 2022.
             Slain by a ball python (2 damage)
             ... on level 1 of the Dungeon.
             The game lasted 00:00:13 (17 turns).

zeram the Sneak (Octopode Brigand)                    Turns: 17, Time: 00:00:14

Health: 0/14       AC:  1    Str: 10    XL:     1   Next: 40%
Magic:  1/1        EV: 12    Int: 13    God:
Gold:   0          SH:  0    Dex: 13    Spells: 0/0 levels left

rFire   . . .      SeeInvis .   a - +2 dagger
rCold   . . .      Faith    .   (no shield)
rNeg    . . .      Spirit   .   (helmet restricted)
rPois   .          Reflect  .   (no amulet)
rElec   .          Harm     .   (no ring)
rCorr   .          Rampage  .   (no ring)
Will    .....                   (no ring)
Stlth   ++++......              (no ring)
HPRegen 0.04/turn               (no ring)
MPRegen 0.07/turn               (no ring)
                                (no ring)
                                (no ring)

@: no status effects
A: almost no armour, amphibious, 8 rings, camouflage 1, gelatinous body 1,
(nimble swimmer 1), tentacles
a: no special abilities


You were on level 1 of the Dungeon.
You visited 1 branch of the dungeon, and saw 1 of its levels.

Inventory:

Hand Weapons
 a - a +2 dagger (weapon)
Missiles
 b - 9 poisoned darts (quivered)
 c - 3 curare-tipped darts


   Skills:
 - Level 2.0 Fighting
 + Level 2.0 Short Blades
 - Level 2.0 Throwing
 + Level 1.0 Dodging
 + Level 5.5 Stealth


You couldn't memorise any spells.
You didn't know any spells.
Your spell library was empty.

Dungeon Overview and Level Annotations

Branches:
Dungeon (1/15)

Altars:


Innate Abilities, Weirdness & Mutations

You cannot wear most types of armour.
You are amphibious.
You can wear up to eight rings at the same time.
Your skin changes colour to match your surroundings (Stealth+).
Your rubbery body absorbs attacks. (AC +1, EV +1)
((You are camouflaged when in or above water. (Stealth+)))
You have tentacles for arms and can constrict up to eight enemies at once.


Message History

A goblin comes into view.
It is wielding a +2 dagger of protection.
A goblin is nearby!
A goblin is nearby!
A goblin is nearby!
A giant cockroach comes into view.
A ball python comes into view.
A rat comes into view.
You hit the goblin. You grab the goblin.
The goblin is moderately wounded.
You constrict the goblin, but do no damage.
You hit the goblin but do no damage.
The goblin is moderately wounded.
You constrict the goblin, but do no damage.
The goblin hits you with a +2 dagger of protection.
You hit the goblin.
You kill the goblin!
The giant cockroach bites you but does no damage.
Things that are here:
a +2 dagger of protection; a goblin corpse You closely miss the giant cockroach.
You grab the giant cockroach. You constrict the giant cockroach.
The ball python hisses angrily.
The giant cockroach misses you.
You hit the giant cockroach. You squeeze the giant cockroach.
You kill the giant cockroach!
The rat misses you. The ball python bites you.
The ball python barely misses you.
You closely miss the rat. You grab the rat. You constrict the rat.
The ball python bites you. The ball python misses you. The rat bites you.
* * * LOW HITPOINT WARNING * * *
You are too injured to fight recklessly!
You are too injured to fight recklessly!
You are too injured to fight recklessly!
You are too injured to fight recklessly!
You release your grip on the rat.
The rat attacks as you move away! The rat bites you.
* * * LOW HITPOINT WARNING * * *
The ball python attacks as you move away!
The ball python bites you.
You die...

.........# #.........#
#.........# #.........#
### ## #.........#
##≈##≈##
#.........###≈P≈≈P≈##
#.........##≈P8PP8P≈#
#.......).###.P..P≈#####
#......@........<~~....#
##....rS.$###.♣..P≈###..
#........##≈♣8♣P8P≈#
#.........###≈♣≈≈P≈##
##........# ## ##≈##
#........# ## #........#
#........# #.........


You could see a ball python and a rat.

Vanquished Creatures
  A giant cockroach (D:1)
  A goblin (D:1)
2 creatures vanquished.

Notes
Turn   | Place    | Note
-------+----------+-------------------------------------------
     0 | D:1      | zeram the Octopode Brigand began the quest for the Orb.
     0 | D:1      | Reached XP level 1. HP: 14/14 MP: 1/1
    17 | D:1      | Slain by a ball python

Illustrated notes

Levels and vault maps discovered:
D:1:      ldierk_walled_garden_2, layout_basic

Action                   || total
-------------------------++-------
Melee: Dagger            ||     6
       Constrict         ||     3
       Tentacles         ||     1
Armor: Skin              ||     1
Dodge: Dodged            ||     4
